 Dungeon Sprint DCSS version 0.17-a0-1575-g9a29ec8 (webtiles) character file.

14 nuthulu the Skirmisher (level 3, -5/36 HPs)
             Began as a Minotaur Berserker on July 26, 2015.
             Was a Priest of Trog.
             Killed by an exploding giant spore (34 damage)
             ... in the Dungeon (Sprint VI: "Thunderdome").
             The game lasted 00:00:49 (195 turns).

nuthulu the Skirmisher (Minotaur Berserker)          Turns: 195, Time: 00:00:49

Health: -5/36      AC:  2    Str: 21    XL:     3   Next: 28%
Magic:  2/2        EV: 13    Int:  4    God:    Trog [***...]
Gold:   220        SH:  0    Dex: 10    Spells: 0 memorised, 2 levels left

rFire  . . .     SeeInvis .     a - +0 hand axe
rCold  . . .     Clarity  .     b - +0 animal skin
rNeg   . . .     SustAt   .     (no shield)
rPois  .         Gourm    .     (helmet restricted)
rElec  .         Spirit   .     (no cloak)
rCorr  .         Warding  .     (no gloves)
rMut   .         NoTele   +     (no boots)
MR     .....                    (no amulet)
Stlth  +.........               (no ring)
                                (no ring)

@: confused, not resistant to hostile enchantments, very unstealthy
A: retaliatory headbutt, horns 2
a: Burn Spellbooks, Berserk, Trog's Hand, Renounce Religion


You were in the Dungeon.
You worshipped Trog.
Trog was most pleased with you.
You were not hungry.

You visited 1 branch You collected 220 gold pieces.

Inventory:

Hand weapons
 a - a +0 hand axe (weapon)
Armour
 b - a +0 animal skin (worn)
Magical devices
 j - a wand of cold (5)
 k - a wand of fire (5)
 n - a wand of enslavement (13)
Scrolls
 i - 4 scrolls of blinking
 l - 3 scrolls of fog
Potions
 d - a potion of curing
 e - 4 potions of heal wounds
 f - 4 potions of haste
 g - 2 potions of magic
 h - a potion of berserk rage
 m - 2 potions of resistance
Comestibles
 c - a bread ration
 o - 5 chunks of flesh


   Skills:
 + Level 5.3 Fighting
 + Level 5.2 Axes
 + Level 4.6 Armour
 + Level 4.1 Dodging


You had 2 spell levels left.
You didn't know any spells.

Dungeon Overview and Level Annotations

Branches:
Dungeon (1/1)

Altars:
Cheibriados
Dithmenos
Fedhas
Gozag
Kikubaaqudgha
Makhleb
Okawaru
Qazlal
Ru
Sif Muna
Trog
Vehumet
Xom
Yredelemnul
Zin
The Shining One
Jiyva
Lugonu

Shops:
D *[%??*?*:[((!!!!


Innate Abilities, Weirdness & Mutations

You reflexively headbutt those who attack you in melee.
You have a pair of horns on your head.


Message History

Get ready!
ROUND 2!
FIGHT!
You sense a tension in the west.
The giant spore waves its rhizomes.
The giant spore waves its rhizomes. x3
The giant spore waves its rhizomes. x2
There are monsters nearby!
The giant spore explodes!
The explosion of spores engulfs the giant spore.
The giant spore explodes!
The explosion of spores engulfs the giant spore.
The giant spore explodes!
The explosion of spores engulfs the giant spore.
The giant spore explodes!
The explosion of spores engulfs the giant spore.
The giant spore explodes!
A fungus suddenly grows.
The explosion of spores engulfs you!
You are confused.
Ouch! That really hurt!
You die...

##∩.__**....###......___∩##
###∩........8.# #.8........∩#
##.............###............
#⌠.....÷....###(..###.........
#⌠..........# #.<.# #.........
#⌠...*.....(###...###.........
##...*.......).###..).........
###∩........8÷# #.8...[....∩#
##*___...P@.###......._.∩##
######.8.........8.######
#*...........⌠#
###.........### #........_#
#........_# #_........#
#∩.......∩# ##∩.....∩##


There were no monsters in sight!

Vanquished Creatures
  Jessica (D)
  An adder (D)
  A goblin (D)
  A ball python (D)
  A giant newt (D)
  A kobold (D)
6 creatures vanquished.

Notes
Turn   | Place    | Note
--------------------------------------------------------------
     0 | D        | nuthulu the Minotaur Berserker began the quest for the Orb.
     0 | D        | Reached XP level 1. HP: 19/19 MP: 0/0
     1 | D        | Found an ancient bone altar of Kikubaaqudgha.
     1 | D        | Found a shadowy altar of Dithmenos.
     2 | D        | Found a deep blue altar of Sif Muna.
     2 | D        | Found a shimmering altar of Xom.
     3 | D        | Found a stormy altar of Qazlal.
     4 | D        | Found Siub's Distillery.
     4 | D        | Found an iron altar of Okawaru.
     4 | D        | Found Hommarel's Do-It-Yourself Clinic.
     5 | D        | Found Wific's Distillery.
     5 | D        | Found Fuanax's Bottled Wisdom.
     5 | D        | Round 1.
     7 | D        | Noticed Jessica
     9 | D        | Found a snail-covered altar of Cheibriados.
    13 | D        | Killed Jessica
    13 | D        | Reached skill level 5 in Fighting
    13 | D        | Reached XP level 2. HP: 25/29 MP: 1/1
    38 | D        | Found an opulent altar of Gozag.
    40 | D        | Acquired Trog's second power
    40 | D        | Reached skill level 5 in Axes
    46 | D        | Found a viscous altar of Jiyva.
    46 | D        | Found a blossoming altar of Fedhas.
    47 | D        | Found a basalt altar of Yredelemnul.
    47 | D        | Found a sacrificial altar of Ru.
    48 | D        | Found a glowing golden altar of the Shining One.
    49 | D        | Found Maits's Bee Food.
    49 | D        | Found a burning altar of Makhleb.
    49 | D        | Found a glowing silver altar of Zin.
    49 | D        | Found Tulif's Identification Station.
    50 | D        | Found Suzoet's Jewellery.
    50 | D        | Found Wusmu's Advanced Armour.
    90 | D        | Reached XP level 3. HP: 16/36 MP: 2/2
    91 | D        | Found a radiant altar of Vehumet.
   126 | D        | Found Qougooti's Premium Goods.
   126 | D        | Found Fecaidok's Weapon Rack.
   127 | D        | Found Rocon's Miscellaneous Merchandise.
   127 | D        | Found Miycwe's Basic Armour.
   146 | D        | Found a bloodstained altar of Trog.
   147 | D        | Found Wereh's Staff Store.
   148 | D        | Found Upsopnint's Must-Have Magic.
   148 | D        | Found Axtin's Magic Scroll Shop.
   149 | D        | Found a corrupted altar of Lugonu.
   149 | D        | Found Bogg's Magic Scroll Shop.
   162 | D        | Arena points: 14 (+14) [x2]
   192 | D        | Round 2.
   195 | D        | Killed by an exploding giant spore

Vault maps used:
D:        arena_sprint

Action                   || total
-------------------------++-------
Melee: Hand axe          ||    11
Invok: Berserk           ||     1
